Map: Ascension to Aiur LE

Players

Yata

  • Race: Zerg Zerg
  • League: Platinum
  • Spawn Location: 11:00

IIIIIIIII

  • Race: Zerg Zerg
  • League: Diamond
  • Spawn Location: 5:00

Myhome

  • Race: Zerg Zerg
  • League: Diamond

JaWa

  • Race: Zerg Zerg

VOD

Have the link to the VOD?

Description

Time

  • Played on: Sept. 27, 2017, 12:04 a.m.
  • Length: 7:07
Show
View Real Time Build Order
Export as new Build Order

Yata Zerg 

Build Orders: Pool First 

Get SALT Encoding   

  12  0:01  Drone  
  13  0:12  Overlord  
  13  0:21  Drone  
  14  0:31  Drone x2  
  14  0:34  Drone  
  17  1:00  Drone  
  17  1:02  Drone  
  19  1:18  Extractor  
  19  1:20  Spawning Pool  
  17  1:38  Hatchery  
  16  1:42  Drone  
  16  1:43  Drone x2  
  19  2:08  Zergling x2  
  19  2:09  Zergling x2  
  19  2:15  Overlord  
  21  2:33  Queen  
  21  2:35  Metabolic Boost  
  23  2:41  Zergling x4  
  24  3:05  Evolution Chamber  
  23  3:13  Queen  
  23  3:15  Queen  
  23  3:18  Drone, Baneling Nest  
  23  3:19  Drone  
  26  3:34  Overlord x3  
  26  3:47  Drone  
  26  3:48  Drone  
  28  3:55  Drone x5  
  32  4:15  Drone x6  
  38  4:22  Zerg Melee Weapons Level 1  
  38  4:34  Drone x3  
  38  4:36  Drone x2  
  43  4:50  Drone  
  44  4:54  Zergling x4  
  44  4:55  Zergling x4  
  48  5:02  Queen  
  48  5:04  Pneumatized Carapace  
  50  5:07  Baneling x3  
  50  5:11  Hatchery  
  49  5:14  Baneling  
  48  5:33  Zergling x2  
  48  5:34  Zergling x8, Roach Warren  
  52  5:47  Baneling x3  
  50  6:10  Zergling x2  
  50  6:11  Zergling x2  
  52  6:21  Extractor  
  52  6:22  Overlord x2, Drone, Queen  
  52  6:23  Overlord x2  
  54  6:29  Queen  
  56  6:33  Zergling x2  
  56  6:34  Zergling x2  
  55  6:45  Zergling x2  
  55  6:46  Zergling x24  
Show
View Real Time Build Order
Export as new Build Order

IIIIIIIII Zerg 

Build Orders: Pool First 

Get SALT Encoding   

  12  0:00  Drone  
  13  0:12  Overlord  
  13  0:18  Drone  
  14  0:32  Drone x2  
  14  0:35  Drone  
  17  0:46  Extractor  
  16  0:50  Spawning Pool  
  16  0:54  Drone  
  16  0:58  Drone  
  17  1:23  Hatchery  
  16  1:27  Drone  
  16  1:32  Drone  
  18  1:47  Metabolic Boost  
  18  1:50  Zergling x4  
  18  1:53  Zergling x2  
  21  2:00  Overlord  
  21  2:13  Queen  
  21  2:14  Extractor  
  23  2:19  Drone  
  24  2:28  Drone  
  25  2:33  Roach Warren  
  25  2:34  Drone  
  25  2:38  Queen  
  25  2:43  Drone  
  28  2:46  Drone  
  29  2:52  Drone  
  29  2:55  Drone  
  31  2:59  Overlord  
  31  3:07  Overlord  
  30  3:19  Queen  
  32  3:20  Drone x3  
  32  3:24  Drone  
  32  3:25  Drone  
  37  3:28  Drone  
  38  3:35  Drone x2  
  38  3:40  Drone  
  41  3:43  Lair  
  41  3:45  Drone  
  41  3:47  Drone  
  43  3:56  Spine Crawler  
  43  4:00  Roach  
  43  4:01  Roach x2  
  48  4:03  Drone  
  48  4:04  Drone  
  48  4:05  Drone  
  48  4:09  Extractor  
  50  4:13  Overlord  
  50  4:16  Overlord  
  50  4:22  Drone  
  51  4:25  Extractor  
  50  4:36  Drone x4  
  50  4:37  Drone  
  54  4:40  Glial Reconstitution  
  54  4:42  Roach x3  
  60  4:48  Roach  
  60  4:51  Overlord  
  62  5:04  Evolution Chamber  
  62  5:06  Evolution Chamber  
  60  5:08  Hydralisk Den  
  59  5:20  Roach x4  
  59  5:21  Roach x4  
  77  5:31  Overlord x2  
  78  5:38  Overlord x2  
  78  5:50  Roach x3  
  78  5:51  Roach x4  
  89  6:04  Drone  
  89  6:05  Drone  
  89  6:08  Zergling x2  
  92  6:14  Roach x2  
  92  6:15  Roach x2  
  100  6:20  Roach  
  100  6:21  Roach x2  
  100  6:22  Hatchery  
  100  6:25  Drone x2  
  107  6:35  Zergling x2  
  107  6:47  Evolution Chamber  
  101  6:48  Hydralisk Den, Drone x5  
  101  6:50  Evolution Chamber  
Show
View Real Time Build Order
Export as new Build Order

Myhome Zerg 

Build Orders:  

Get SALT Encoding   

Show
View Real Time Build Order
Export as new Build Order

JaWa Zerg 

Build Orders:  

Get SALT Encoding   

Tags
 
Add a new tag
Caveats
  • Supply blocks, unpowered buildings, or Contaminate may cause inaccurate times.
  • Supply counts are checked every 10 seconds.